 Dungeon Crawl Stone Soup version 0.19.4-12-gccf7e64 (webtiles) character file.

1540 Azzok the Geomancer (level 8, 0/62 HPs)
             Began as a Deep Dwarf Earth Elementalist on Feb 27, 2017.
             Was an Initiate of Makhleb.
             Shot with an arrow by a centaur (10 damage)
             ... on level 7 of the Dungeon.
             The game lasted 00:22:51 (9759 turns).

Azzok the Geomancer (Deep Dwarf Earth Elementalist) Turns: 9759, Time: 00:22:52

Health: 0/62       AC:  3    Str: 11    XL:     8   Next: 56%
Magic:  5/15       EV: 12    Int: 19    God:    Makhleb [......]
Gold:   328        SH:  0    Dex: 13    Spells: 3 memorised, 8 levels left

rFire  . . .     SeeInvis .     b - 42 stones
rCold  . . .     Gourm    .     c - +0 robe
rNeg   . . .     Faith    .     (no shield)
rPois  .         Spirit   .     x - +0 helmet
rElec  .         Reflect  .     (no cloak)
rCorr  .         Harm     .     (no gloves)
MR     +....                    (no boots)
Stlth  ++........               (no amulet)
                                (no ring)
                                (no ring)

@: non-regenerating
A: damage resistance, recharge devices, sense surroundings 1, slow regeneration
3
a: Device Recharging, Renounce Religion


You were on level 7 of the Dungeon.
You worshipped Makhleb.
Makhleb was noncommittal.
You were not hungry.

You visited 2 branches of the dungeon, and saw 8 of its levels.

You collected 328 gold pieces.

Inventory:

Hand Weapons
 a - a +0 dagger of speed
Missiles
 b - 42 stones (in hand)
 z - 6 silver javelins
Armour
 c - a +0 robe (worn)
 i - a +0 buckler
 x - a +0 helmet (worn)
 C - the +2 scale mail of Codocsul {rPois}
   (You found it on level 7 of the Dungeon)

   It protects you from poison.
Jewellery
 y - an uncursed ring of fire
Wands
 d - a wand of heal wounds (0/9)
Scrolls
 g - a scroll of teleportation
 j - 4 scrolls of remove curse
 k - 2 scrolls of enchant armour
 n - a scroll of enchant weapon
 q - 2 scrolls of recharging {unknown}
 r - 3 scrolls of fear
 w - a scroll of amnesia
 B - a scroll of torment {unknown}
Potions
 l - 3 potions of heal wounds
 m - 2 potions of mutation {unknown}
 o - 4 potions of curing {unknown}
 p - 2 potions of haste
 s - 2 potions of degeneration {unknown}
 t - 2 potions of cancellation {unknown}
 u - 2 potions of lignification {unknown}
 v - a potion of ambrosia {unknown}
Books
 e - a book of Geomancy

   Spells                             Type                      Level
   a - Sandblast                      Earth                        1
   b - Passwall                       Transmutation/Earth          2
   c - Stone Arrow                    Conjuration/Earth            3
   d - Petrify                        Transmutation/Earth          4
   e - Lee's Rapid Deconstruction     Earth                        5
Comestibles
 f - 7 bread rations
 h - 6 fruits
 A - a meat ration


   Skills:
 + Level 0.1 Fighting
 - Level 2.1 Dodging
 - Level 2.4 Stealth
 + Level 0.2 Shields
 * Level 5.2 Spellcasting
 * Level 5.1 Conjurations
   Level 0.8 Transmutations
 * Level 8.4 Earth Magic
 + Level 4.8 Evocations


You had 8 spell levels left.
You knew the following spells:

 Your Spells              Type           Power        Failure   Level  Hunger
a - Sandblast             Erth           #####.       1%          1    None
b - Stone Arrow           Conj/Erth      ####..       1%          3    ##.....
c - Lee's Rapid Deconstr  Erth           #####.....   12%         5    ######.


Dungeon Overview and Level Annotations

Branches:
Dungeon (7/15)             Temple (1/1) D:6

Altars:
Ashenzari
Fedhas
Makhleb
Okawaru
Ru
Sif Muna
Vehumet

Annotations:
D:3 palomides's ghost, amateur DsBe
D:4 PubliusNaso's ghost, amateur MiGl


Innate Abilities, Weirdness & Mutations

You are resistant to damage.
You can recharge devices by infusing magical energy.
You passively map a small area around you.
You do not regenerate.


Message History

The stone arrow hits the centaur.
The centaur is lightly wounded.
The centaur wields a shortbow.
The centaur shoots an arrow.
The arrow misses you.
The centaur shoots an arrow.
The arrow hits you!
* * * LOW HITPOINT WARNING * * *
Casting: Stone Arrow
Confirm with . or Enter, or press ? or * to list all spells.
Aiming: Stone Arrow
Press: ? - help, Shift-Dir - straight line, f/p - centaur
Aim: a centaur, wielding a shortbow (lightly wounded)
The stone arrow misses the centaur.
Casting: Stone Arrow
Confirm with . or Enter, or press ? or * to list all spells.
Aiming: Stone Arrow
Press: ? - help, Shift-Dir - straight line, f/p - centaur
Aim: a centaur, wielding a shortbow (lightly wounded)
The stone arrow hits the centaur.
The centaur is severely wounded.
The centaur shoots an arrow.
The arrow hits you!
You die...

◦ ◦◦ 5·· ◦ ◦ ◦ ◦ ◦ ▒·· ◦ ░
░ ░ ░░▒·▒░ ░ ▒▒▒▒▒▒'▒▒▒░
▒▒▒▒ ········ ····▒·· ◦ ◦
······· ◦····╬·· ··░▒··░
·▒▒▒·[▒ ▒··▒ ▒·▒
··▒▒··▒░·▒▒··c▒▒▒▒··▒▒▒·▒
◦ ◦···<·▒
··╬·▒···@···▒···▒◦
····▒◦····▒·······╬◦··▒▒
▒··▒▒··▒▒▒··▒··▒·▒░▒··▒
▒▒▒▒··▒▒·······▒····▒▒▒··▒
···········▒·▒▒▒··▒······▒
·····[·····▒······▒······▒
·········▒▒▒··▒·▒▒▒··▒···▒
·▒▒···▒▒······▒······▒···▒
▒▒···▒▒··▒·▒▒▒··▒·▒▒▒···▒


You could see a centaur.

Vanquished Creatures
  2 ogres (D:6)
  2 centaurs
  2 bullfrogs
  A scorpion (D:5)
  A water moccasin skeleton (D:5)
  An oklob sapling (D:6)
  A bullfrog zombie (D:6)
  3 crimson imps
  5 hounds
  3 orc priests
  A bullfrog skeleton (D:5)
  5 orc wizards
  Jessica (D:3)
  5 worker ants
  An iguana (D:6)
  A hound zombie (D:6)
  A worker ant zombie (D:6)
  3 gnolls (D:6)
  A howler monkey skeleton (D:5)
  5 adders
  A shadow imp (D:5)
  5 worms
  A dart slug (D:2)
  2 leopard geckos
  19 orcs
  5 bats
  2 giant cockroaches (D:1)
  11 goblins
  6 hobgoblins
  4 quokkas
  A ball python (D:4)
  3 frilled lizards
  13 kobolds
  A leopard gecko skeleton (D:4)
  8 rats
  A plant (D:6)
128 creatures vanquished.

Notes
Turn   | Place    | Note
-------+----------+-------------------------------------------
     0 | D:1      | Azzok the Deep Dwarf Earth Elementalist began the quest for the Orb.
     0 | D:1      | Reached XP level 1. HP: 15/15 MP: 3/3
   137 | D:1      | Reached XP level 2. HP: 22/22 MP: 0/5
   224 | D:1      | Reached skill level 1 in Evocations
   951 | D:1      | Reached XP level 3. HP: 28/28 MP: 4/6
  1160 | D:1      | Learned a level 3 spell: Stone Arrow
  2293 | D:2      | Reached XP level 4. HP: 33/36 MP: 1/8
  3058 | D:2      | Found a sacrificial altar of Ru.
  3080 | D:3      | Reached skill level 1 in Conjurations
  3304 | D:3      | Reached skill level 5 in Earth Magic
  3417 | D:3      | Noticed palomides's ghost (amateur DsBe)
  3695 | D:3      | Reached XP level 5. HP: 13/42 MP: 1/9
  3920 | D:3      | Noticed Jessica
  3924 | D:3      | Killed Jessica
  3955 | D:3      | Found a deep blue altar of Sif Muna.
  4121 | D:3      | Learned a level 5 spell: Lee's Rapid Deconstruction
  4554 | D:4      | Noticed PubliusNaso's ghost (amateur MiGl)
  5123 | D:4      | Reached XP level 6. HP: 12/49 MP: 0/11
  5232 | D:4      | Reached skill level 6 in Earth Magic
  5608 | D:5      | Entered Level 5 of the Dungeon
  6347 | D:5      | Reached XP level 7. HP: 13/55 MP: 6/13
  6945 | D:5      | Reached skill level 7 in Earth Magic
  7918 | D:6      | Found a staircase to the Ecumenical Temple.
  8160 | D:6      | Reached XP level 8. HP: 3/62 MP: 1/14
  8163 | Temple   | Entered the Ecumenical Temple
  8276 | Temple   | Became a worshipper of Makhleb the Destroyer
  9077 | D:6      | Reached skill level 5 in Spellcasting
  9077 | D:6      | Reached skill level 8 in Earth Magic
  9407 | D:7      | Reached skill level 5 in Conjurations
  9563 | D:7      | Got a crude scale mail
  9574 | D:7      | Identified the +2 scale mail of Codocsul {rPois} (You found it on level 7 of the Dungeon)
  9759 | D:7      | Shot with an arrow by a centaur

Skill      XL: |  1  2  3  4  5  6  7  8 |
---------------+-------------------------+-----
Spellcasting   | 2 3 4 5 |  5.2
Evocations     | 1 2 3 4 |  4.8
Conjurations   | 1 2 4 5 |  5.1
Earth Magic    | 5 6 7 8 |  8.4
Fighting       | |  0.1
Dodging        | |  2.1
Stealth        | |  2.4
Shields        | |  0.2
Transmutations | |  0.8

Action                   |  1- 3 |  4- 6 |  7- 9 || total
-------------------------+-------+-------+-------++-------
Melee: Dagger            |    15 |    50 |   154 ||   219
 Cast: Sandblast         |    53 |    22 |     9 ||    84
       Stone Arrow       |     9 |    69 |    77 ||   155
Evoke: Wand              |       |     4 |     1 ||     5
  Use: Scroll            |       |       |     8 ||     8
       Potion            |       |       |     2 ||     2
  Eat: Chunk             |     6 |    18 |    14 ||    38
       Pizza             |       |     1 |       ||     1
       Royal jelly       |       |       |     1 ||     1
Armor: Robe              |    13 |     5 |     6 ||    24
Dodge: Dodged            |    19 |    24 |    27 ||    70
